 Dungeon Crawl Stone Soup version 0.26-a0-1147-g3780a7a11b (webtiles) character file.

Game seed: 18281546512073589827

355 melloss the Firebug (level 6, -2/37 HPs)
             Began as a Deep Elf Fire Elementalist on Dec 22, 2020.
             Killed from afar by an orc (15 damage)
             ... with a bolt of acid
             ... on level 5 of the Dungeon.
             The game lasted 00:22:53 (7579 turns).

melloss the Firebug (Deep Elf Fire Elementalist)    Turns: 7579, Time: 00:22:54

Health: -2/37      AC:  2    Str:  4      XL:     6   Next: 36%
Magic:  13/13      EV: 24    Int: 20      God:
Gold:   271        SH:  0    Dex: 12 (16) Spells: 10/11 levels left

rFire    . . .     SeeInvis .   r - +0 dagger (venom)
rCold    . . .     Faith    .   (no shield)
rNeg     . . .     Spirit   .   f - +1 ring mail
rPois    .         Reflect  .   (no helmet)
rElec    +         Harm     .   (no cloak)
rCorr    .         Rampage  .   (no gloves)
Will     .....                  (no boots)
Stlth    +.........             g - amulet of the acrobat
HPRegen  0.12/turn              (no ring)
MPRegen  0.13/turn              (no ring)

@: corroded, acrobat, very slow
A: electricity resistance, weak 1
a: no special abilities


You were on level 5 of the Dungeon.
You visited 1 branch of the dungeon, and saw 5 of its levels.

You collected 271 gold pieces.

Inventory:

Hand Weapons
 a - a +0 vampiric dagger
 k - a +0 short sword
 q - a +0 fustibalus
 r - a +0 dagger of venom (weapon)
Missiles
 b - 7 atropa-tipped darts
 o - 24 poisoned darts
 s - 6 boomerangs
Armour
 f - a +1 ring mail (worn)
Jewellery
 g - an amulet of the acrobat (around neck)
Wands
 i - a wand of flame (15)
 m - a wand of polymorph (10)
Scrolls
 c - 7 scrolls of teleportation
 d - 5 scrolls of amnesia
 h - a scroll of blinking
 j - a scroll of remove curse
 n - a scroll of magic mapping {unknown}
 p - 3 scrolls of identify {unknown}
Potions
 e - a potion of attraction
 l - a potion of berserk rage {unknown}


   Skills:
 - Level 3.0 Fighting
 + Level 2.5 Short Blades
 + Level 1.5 Armour
 - Level 2.4 Dodging
 - Level 2.4 Stealth
 + Level 3.4 Spellcasting
 * Level 3.0 Conjurations
 + Level 4.1 Fire Magic


You had 10 spell levels left.
You knew the following spells:

 Your Spells              Type           Power        Failure   Level
a - Foxfire               Conj/Fire      68%          19%         1

Your spell library contained the following spells:

 Spells                   Type           Power        Failure   Level
 Conjure Flame            Conj/Fire      17%          47%         3
 Beastly Appendage        Tmut           6%           61%         1
 Inner Flame              Hex/Fire       11%          69%         3
 Wereblood                Tmut           3%           75%         2
 Sticky Flame             Conj/Fire      17%          87%         4
 Spider Form              Tmut/Pois      1%           93%         3
 Fireball                 Conj/Fire      8%           99%         5
 Ice Form                 Ice/Tmut       3%           100%        4
 Blade Hands              Tmut           1%           100%        5


Dungeon Overview and Level Annotations

Branches:
Dungeon (5/15)
 Temple: D:4-7

Altars:
Cheibriados
Makhleb
Nemelex Xobeh
Qazlal
Ru
Sif Muna
Yredelemnul

Annotations:
D:3 3 runed translucent doors, gaul's ghost, amateur DECj


Innate Abilities, Weirdness & Mutations

You are resistant to electric shocks. (rElec)
You are weak. (Str -2)


Message History

You hear a shout!
You closely miss the howler monkey.
The howler monkey is almost dead.
The howler monkey hits you.
You hit the howler monkey.
The howler monkey is poisoned.
The howler monkey is almost dead.
You kill the howler monkey!
Your Conjurations skill increases to level 3!
Casting: Foxfire (safe; 19% risk of failure)
Confirm with . or Enter, or press ? or * to list all spells.
Okay, then.
Your magical contamination has completely faded away.
Magic restored.
An orc is nearby!
The orc shouts!
You see here a howler monkey corpse.
The orc zaps a wand.
The bolt of acid hits you! The acid corrodes you!
You are splashed with acid!
The orc zaps a wand.
The bolt of acid hits you!
You die...

..?.# ....#
....# #...#
#o..# #...#
#...# #@..#
##..># ..
#.†..# ...
#....# #...
##..##
#...###'###
..........#
..........#
#........##


You could see an orc.

Vanquished Creatures
  2 howler monkeys
  2 hounds
  Terence (D:2)
  7 adders
  3 gnolls
  2 oozes (D:3)
  An adder skeleton (D:4)
  A worm (D:2)
  3 dart slugs
  4 leopard geckos
  5 orcs
  A ball python (D:2)
  5 giant cockroaches
  2 gnoll zombies (D:2)
  3 hobgoblins
  9 jackals
  A quokka (D:2)
  3 bats
  3 frilled lizards
  6 goblins
  10 kobolds
  9 rats
83 creatures vanquished.

Vanquished Creatures (others)
  125 foxfires
  2 fungi (D:3)
  4 plants (D:3)
131 creatures vanquished.

Grand Total: 214 creatures vanquished

Notes
Turn   | Place    | Note
-------+----------+-------------------------------------------
     0 | D:1      | melloss the Deep Elf Fire Elementalist began the quest for
                  | the Orb.
     0 | D:1      | Reached XP level 1. HP: 10/10 MP: 6/6
   251 | D:1      | Reached skill level 1 in Fighting
   501 | D:1      | Reached XP level 2. HP: 6/16 MP: 4/8
  1822 | D:2      | Reached XP level 3. HP: 17/21 MP: 6/9
  2482 | D:2      | Found a sparkling altar of Nemelex Xobeh.
  3010 | D:2      | Found a basalt altar of Yredelemnul.
  3182 | D:3      | Found a snail-covered altar of Cheibriados.
  3222 | D:3      | Found a runed translucent gate.
  3222 | D:3      | Found a runed translucent gate.
  3222 | D:3      | Found a runed translucent gate.
  3222 | D:3      | Noticed gaul's ghost (amateur DECj)
  3284 | D:3      | Reached XP level 4. HP: 28/28 MP: 7/10
  3417 | D:3      | Found a sacrificial altar of Ru.
  3657 | D:3      | Noticed Terence
  3691 | D:3      | Gained mutation: You are weak. (Str -2) [potion of
                  | mutation]
  3691 | D:3      | Gained mutation: You are resistant to electric shocks.
                  | (rElec) [potion of mutation]
  4132 | D:2      | Killed Terence
  4133 | D:2      | Reached skill level 1 in Short Blades
  4751 | D:3      | Reached XP level 5. HP: 32/32 MP: 8/11
  5911 | D:3      | Reached skill level 1 in Armour
  6174 | D:3      | Found a faded altar of an unknown god.
  6190 | D:3      | Became a worshipper of Cheibriados the Contemplative
  6190 | D:3      | Reached * piety under Cheibriados
  6191 | D:3      | Fell from the grace of Cheibriados
  6680 | D:4      | Found a stormy altar of Qazlal.
  6680 | D:4      | Noticed an ogre
  6737 | D:4      | Reached XP level 6. HP: 27/37 MP: 8/12
  7017 | D:4      | Found a burning altar of Makhleb.
  7038 | D:4      | Reached skill level 4 in Fire Magic
  7243 | D:4      | Lost strength.
  7357 | D:4      | Found a shimmering blue altar of Sif Muna.
  7520 | D:5      | Entered Level 5 of the Dungeon
  7579 | D:5      | Killed from afar by an orc

Illustrated notes

Levels and vault maps discovered:
D:1:      ebering_trefoil_twist, layout_loops_corners, supply_closet_lemuel
D:2:      layout_basic, nemelex_altar_shiori, lemuel_zombie_altar_yredelemnul,
          minmay_tree_intersection
D:3:      layout_basic, cheibriados_altar_2, nicolae_ru_the_path_less_chosen,
          ebering_ghost_rock_garden, chequers_ecumenical_altar_lobes,
          chequers_hall_statues_wall_a, uniq_terence
D:4:      layout_rooms, lemuel_coloured_pillars_altar, grunt_qazlal_sundering,
          makhleb_blood_cavern_becter
D:5:      layout_gridville

Skill      XL: |  1  2  3  4  5  6 |
---------------+-------------------+-----
Fighting       | 1 2 3 |  3.0
Short Blades   | 1 2 |  2.5
Armour         | 1 |  1.5
Conjurations   | 2 3 |  3.0
Fire Magic     | 4 |  4.1
Dodging        | |  2.4
Stealth        | |  2.4
Spellcasting   | |  3.4

Action                   |  1- 3 |  4- 6 || total
-------------------------+-------+-------++-------
Melee: Whip              |    17 |       ||    17
       Unarmed           |     1 |       ||     1
       Short sword       |    38 |       ||    38
       Dagger            |     3 |   196 ||   199
 Cast: Foxfire           |    49 |    27 ||    76
Invok: Renounce Religion |       |     1 ||     1
Evoke: Wand              |       |     1 ||     1
  Use: Potion            |       |     5 ||     5
       Scroll            |       |     6 ||     6
 Stab: Sleeping          |     5 |     1 ||     6
Armor: Ring mail         |    65 |    96 ||   161
       Robe              |     1 |       ||     1
Dodge: Dodged            |    86 |   161 ||   247

Table legend: (Time is in decaauts)
 A = Elapsed time spent in this place.
 B = Non-inter-level travel time spent in this place.
 C = Inter-level travel time spent in this place.
 D = Time resting spent in this place.
 E = Time spent auto-exploring this place.
 F = Levels seen in this place.
 G = Mean time per level.
                   A        B        C        D        E       F      G
               +--------+--------+--------+--------+--------+-----+--------+
         Total |   7837 |   7632 |    205 |   2404 |   3607 |   5 | 1567.4 |
       Dungeon |   7837 |   7632 |    205 |   2404 |   3607 |   5 | 1567.4 |
               +--------+--------+--------+--------+--------+-----+--------+

Top non-repeatable levels by time:
     D:2: 2960 daAuts
     D:3: 2233 daAuts
     D:1: 1434 daAuts
     D:4: 1146 daAuts
     D:5: 61 daAuts
